 Dungeon Crawl Stone Soup version 0.24-a0-246-gb963c9a (webtiles) character file.

Game seed: 10514641811058315567

119142 puppykicker the Impaler (level 16, 0/128 HPs)
             Began as a Minotaur Necromancer on Apr 13, 2019.
             Was the Champion of Kikubaaqudgha.
             Blown up by an orb spider (40 damage)
             ... with an orb of destruction
             ... on level 2 of the Spider Nest.
             The game lasted 02:05:39 (33033 turns).

puppykicker the Impaler (Minotaur Necromancer)     Turns: 33033, Time: 02:05:39

Health: 0/128      AC: 31    Str: 17    XL:     16   Next: 27%
Magic:  47/47      EV:  9    Int: 21    God:    Kikubaaqudgha [******]
Gold:   1434       SH:  0    Dex: 18    Spells: 2/33 levels left

rFire    + + +     SeeInvis .   a - +3 bardiche (pain)
rCold    + . .     Gourm    .   (shield currently unavailable)
rNeg     . . .     Faith    .   e - +7 chain mail of the Fifty Princes {rPois rF+++ Dex+6}
rPois    +         Spirit   .   J - +3 hat of Pondering {ponderous, MR+ MP+10 Int+5}
rElec    .         Reflect  .   U - +2 cloak
rCorr    +         Harm     .   L - +2 pair of gloves
MR       ++...                  T - +2 pair of boots {run}
Stlth    ..........             q - amulet of regeneration
HPRegen  0.71/turn              d - ring of magical power
MPRegen  0.30/turn              r - ring "Tereet" {rCorr *Contam rF+ rC+ Int+2}

@: confused
A: retaliatory headbutt, horns 2
a: Receive Corpses, Torment, Renounce Religion


You were on level 2 of the Spider Nest.
You worshipped Kikubaaqudgha.
Kikubaaqudgha was exalted by your worship.
You were not hungry.

You visited 5 branches of the dungeon, and saw 26 of its levels.
You visited the Abyss 1 time.

You collected 2735 gold pieces.
You spent 1301 gold pieces at shops.


Innate Abilities, Weirdness & Mutations

You reflexively headbutt those who attack you in melee.
You have a pair of horns on your head.


   Skills:
 - Level 8.0 Fighting
   Level 1.2(13.9) Axes
   Level 2.1(2.3) Maces & Flails
 * Level 20.3 Polearms
 + Level 9.1 Armour
 - Level 4.0 Dodging
 - Level 1.5 Stealth
 + Level 9.0 Spellcasting
 - Level 2.0 Conjurations
 - Level 2.0 Charms
 + Level 11.0 Necromancy
 - Level 7.0 Earth Magic


You had 2 spell levels left.
You knew the following spells:

 Your Spells              Type           Power        Failure   Level  Hunger
a - Agony                 Necr           ######..     22%         5    #####..
b - Dispel Undead         Necr           ######..     22%         5    #####..
c - Vampiric Draining     Necr           ######....   2%          3    None
d - Borgnjor's Vile Clut  Necr/Erth      #####.....   45%         5    #####..
e - Stone Arrow           Conj/Erth      ####..       34%         3    None
r - Regeneration          Chrm/Necr      #####.....   16%         3    None
z - Animate Dead          Necr           N/A          8%          4    ###....
U - Sublimation of Blood  Necr           ######....   1%          2    None
Z - Animate Skeleton      Necr           N/A          1%          1    None

Your spell library contained the following spells:

 Spells                   Type           Power        Failure   Level  Hunger
 Pain                     Necr           ####         1%          1    None
 Sandblast                Erth           #####.       4%          1    None
 Passwall                 Tmut/Erth      ###.....     26%         2    None
 Infusion                 Chrm           ###.         32%         1    None
 Magic Dart               Conj           ###.         32%         1    None
 Shock                    Conj/Air       ##..         43%         1    None
 Searing Ray              Conj           ###...       43%         2    None
 Song of Slaying          Chrm           ###.....     43%         2    None
 Beastly Appendage        Tmut           #.....       58%         1    None
 Freeze                   Ice            #...         58%         1    None
 Shroud of Golubria       Chrm/Tloc      ##........   58%         2    None
 Swiftness                Chrm/Air       ##......     58%         2    None
 Throw Flame              Conj/Fire      ##....       58%         2    None
 Throw Frost              Conj/Ice       ##....       58%         2    None
 Sticks to Snakes         Tmut           #.......     73%         2    None
 Lee's Rapid Deconstruct  Erth           #####.....   75%         5    #####..
 Death Channel            Necr           ######....   77%         6    ######.
 Dazzling Spray           Conj/Hex       ##....       82%         3    None
 Ozocubu's Armour         Chrm/Ice       ##......     82%         3    None
 Spectral Weapon          Hex/Chrm       ##......     82%         3    None
 Mephitic Cloud           Conj/Pois/Air  ##......     86%         3    None
 Petrify                  Tmut/Erth      ###.....     86%         4    ###....
 Ignite Poison            Fire/Tmut/Pois #.......     91%         3    None
 Spider Form              Tmut/Pois      #.........   91%         3    None
 Iskenderun's Mystic Bla  Conj           ###.....     97%         4    ###....
 Force Lance              Conj/Tloc      ##......     99%         4    ###....
 Fulminant Prism          Conj/Hex       ##........   99%         4    ###....
 Throw Icicle             Conj/Ice       ##......     99%         4    ###....
 Airstrike                Air            #.........   100%        4    ###....
 Ice Form                 Ice/Tmut       #.......     100%        4    ###....
 Summon Ice Beast         Ice/Summ       #.......     100%        4    ###....
 Blade Hands              Tmut           #.........   100%        5    #####..
 Lightning Bolt           Conj/Air       ##........   100%        5    #####..
 Bolt of Cold             Conj/Ice       ##........   100%        6    ######.
 Freezing Cloud           Conj/Ice/Air   ##........   100%        6    ######.

Inventory:

Hand Weapons
 a - a +3 bardiche of pain (weapon)
 b - a +2 bardiche of flaming
 c - a +3 blowgun
Missiles
 o - 5 throwing nets (quivered)
 P - 14 curare-tipped needles
 W - 5 javelins of penetration
Armour
 e - the +7 chain mail of the Fifty Princes (worn) {rPois rF+++ Dex+6}
   (You found it on level 11 of the Dungeon)

   It affects your dexterity (+6).
   It renders you almost immune to fire.
   It protects you from poison.
 y - the +6 scale mail of Responsibility {rElec MR+ Stlth+}
   (You bought it in a shop on level 10 of the Dungeon)

   It insulates you from electricity.
   It affects your resistance to hostile enchantments.
   It makes you more stealthy.
 J - the +3 hat of Pondering (worn) {ponderous, MR+ MP+10 Int+5}
   (You took it off Gastronok on level 8 of the Dungeon)

   It affects your intelligence (+5).
   It affects your resistance to hostile enchantments.
   It affects your magic capacity (+10).
 L - a +2 pair of gloves (worn)
 T - a +2 pair of boots of running (worn)
 U - a +2 cloak (worn)
Magical Staves
 w - an uncursed staff of death
Jewellery
 d - a ring of magical power (left hand)
 j - an uncursed ring of poison resistance
 q - an amulet of regeneration (around neck)
 r - the ring "Tereet" (right hand) {rCorr *Contam rF+ rC+ Int+2}
   (You found it on level 7 of the Dungeon)

   [ring of resist corrosion]

   It affects your intelligence (+2).
   It protects you from fire.
   It protects you from cold.
   It causes magical contamination when unequipped.
 D - an uncursed ring of protection from cold
 Q - a +4 ring of intelligence
Wands
 g - a wand of iceblast (31)
 u - a wand of paralysis (12)
 V - a wand of disintegration (42)
Scrolls
 f - a scroll of blinking
 k - 5 scrolls of teleportation
 l - 11 scrolls of remove curse
 p - 2 scrolls of enchant armour
 t - 6 scrolls of fear
 v - 5 scrolls of fog
 z - 2 scrolls of magic mapping
 K - a scroll of silence
 M - a scroll of vulnerability {!r}
 N - 4 scrolls of identify
Potions
 h - 4 potions of flight
 i - 6 potions of agility
 n - 3 potions of might
 s - 2 potions of haste
 A - 7 potions of heal wounds
 B - a potion of ambrosia
 C - 2 potions of mutation {!q}
 E - a potion of cancellation
 F - a potion of invisibility
 G - 2 potions of brilliance
 H - a potion of berserk rage
 I - 4 potions of curing
 O - a potion of resistance
 S - 2 potions of lignification {!q}
Miscellaneous
 x - a box of beasts
 R - a phial of floods
Comestibles
 m - 25 rations
 X - 2 chunks of flesh {@w1}

Dungeon Overview and Level Annotations

Branches:
Dungeon (15/15)            Temple (1/1) D:7            Lair (6/6) D:9
  Swamp (0/4) Lair:4       Spider (2/4) Lair:2        Slime (0/5) Lair:5
    Orc (2/2) D:9             Elf (0/3) Orc:2        Vaults (0/5) D:14
 Depths (0/5) D:15

Altars:
Ashenzari
Fedhas
Kikubaaqudgha
Ru
Trog
Zin
The Shining One
Beogh

Shops:
D:10 [=}?   Orc:2 [[([

.## .... ### #...
##^##.... ###..#..## ###
.s# #......^.# #.###
/....#.[@...######...##
#..sssZ○○......##^....###
.....Z○##.....###.......#
.#####. #..#....##.......
## #..#.....####..#.
....#.....##.#..##
#....#....^#....##
#..#.#...###...##
##.###....Z#..#####


You could see 2 orb spiders, a jumping spider, a friendly redback zombie and a
friendly demonic crawler zombie.


Message History

The wolf spider bites you!
* * * LOW HITPOINT WARNING * * *
Your demonic crawler zombie hits the wolf spider. x2
The orb spider spins a strand of pure energy.
The orb of destruction hits you!!
* * * LOW HITPOINT WARNING * * *
The wolf spider hits you but does no damage.
The wolf spider barely misses you.
The jumping spider leaps!
Your demonic crawler zombie hits the wolf spider. x2
The jumping spider leaps!
The wolf spider hits you.
* * * LOW HITPOINT WARNING * * *
The wolf spider barely misses you.
Unknown command.
Okay, then.
The wolf spider barely misses you.
The wolf spider bites you but does no damage.
Your demonic crawler zombie hits the wolf spider!
Your demonic crawler zombie hits the wolf spider.
Your demonic crawler zombie hits the wolf spider!
The wolf spider dies!
Kikubaaqudgha accepts your kill.
The orb spider weaves a glowing orb of energy.
An orb of destruction comes into view.
Unknown command.
Are you sure you want to stumble around while confused and next to your redback zombie?
Okay, then.
Are you sure you want to stumble around while confused and next to your redback zombie?
The orb of destruction hits you!!!
You die...
Kikubaaqudgha rasps: "You have failed me!
Welcome... death!"

Action                   |  1- 3 |  4- 6 |  7- 9 | 10-12 | 13-15 | 16-18 || total
-------------------------+-------+-------+-------+-------+-------+-------++-------
Melee: Hand axe          |    83 |       |       |       |       |       ||    83
       Headbutt          |    14 |     9 |    36 |    50 |   184 |    27 ||   320
       Morningstar       |    20 |    98 |   142 |       |       |       ||   260
       Bardiche          |     6 |       |       |    18 |   816 |   234 ||  1074
       Halberd           |       |       |   120 |   433 |   230 |       ||   783
       Glaive            |       |       |       |       |    64 |       ||    64
 Fire: Hand crossbow     |       |       |     2 |       |       |       ||     2
       Blowgun           |       |       |       |       |    24 |       ||    24
 Cast: Animate Skeleton  |    15 |    18 |    28 |    55 |   129 |    23 ||   268
       Vampiric Draining |       |    10 |    44 |    66 |   172 |    44 ||   336
       Regeneration      |       |     1 |     5 |     3 |    30 |     8 ||    47
       Agony             |       |       |       |       |    60 |     5 ||    65
       Borgnjor's Vile C |       |       |       |       |    21 |     5 ||    26
       Dispel Undead     |       |       |       |       |     7 |       ||     7
       Animate Dead      |       |       |       |       |     2 |    11 ||    13
       Sublimation of Bl |       |       |       |       |     1 |    10 ||    11
Invok: Brand Weapon With |       |       |       |       |     1 |       ||     1
Evoke: Wand              |       |       |       |     8 |    16 |       ||    24
  Use: Scroll            |     3 |       |     9 |    17 |    18 |     3 ||    50
       Potion            |       |     1 |     1 |     2 |     6 |     1 ||    11
 Stab: Sleeping          |     5 |     3 |     3 |     2 |     4 |       ||    17
       Distracted        |       |       |     1 |     3 |     5 |       ||     9
       Petrified         |       |       |       |       |     4 |       ||     4
  Eat: Chunk             |     6 |     6 |    23 |    23 |    56 |     8 ||   122
       Ration            |       |     1 |     2 |     1 |     6 |     1 ||    11
Armor: Robe              |    15 |    22 |       |       |       |       ||    37
       Leather armour    |       |     5 |    96 |    60 |       |       ||   161
       Skin              |       |       |       |     2 |       |       ||     2
       Troll leather arm |       |       |       |    78 |   203 |       ||   281
       Scale mail        |       |       |       |       |   683 |   211 ||   894
       Chain mail        |       |       |       |       |       |    36 ||    36
Dodge: Dodged            |    79 |    77 |   224 |   251 |   763 |   153 ||  1547

Levels and vault maps discovered:
D:1:      dpeg_arrival_water_fire, layout_basic
D:2:      minmay_general_purpose_star, layout_basic, overflow_temple_1_default,
          uniq_jessica
D:3:      layout_basic, first_ration
D:4:      layout_loops_corners, minmay_ruined_shrine
D:5:      layout_cave_pools, uniq_duvessa
D:6:      layout_layer_cave, ebering_ghost_disaster_area, dk_vineyard_3
D:7:      layout_loops_ring, minmay_temple_entry_butterflies,
          gammafunk_ghost_berserking_beasts, uniq_pikel
D:8:      layout_layer_cave, gammafunk_ghost_nasty_kobolds,
          hangedman_decor_opposing, uniq_gastronok
D:9:      layout_roguey, erik_lair_dragon, david_orc_1_choice
D:10:     layout_cave_pods, serial_shops, shop, nicolae_shop_waterfront,
          shop_fountains, shop, grunt_ogre_cave, nicolae_ru_path_of_blood
D:11:     layout_irregular_city, gauntlet_entry_generic, uniq_nergalle,
          uniq_urug
D:12:     layout_roguey, corexii_corridor_pit, drop_trap,
          evilmike_ruin_ashenzari, uniq_maurice
D:13:     layout_irregular_city
D:14:     layout_loops_cross, david_vaults_2, tso_metal_star, uniq_azrael,
          uniq_rupert
D:15:     gammafunk_enter_depths_forms, layout_cave_pools, minivault_10,
          st_stairs_10, hangedman_abyss_or_decor_passed, grunt_ministairs_6
Temple:   minmay_crystal_snake_temple
Lair:1:   layout_chaotic_city, minmay_holes, st_stairs_5, grunt_megastairs_2,
          uniq_sonja
Lair:2:   layout_cave_pods, nicolae_spider_entry_tight_spaces
Lair:3:   layout_concentric_octagons
Lair:4:   layout_cave_pods, skrybe_swamp_entry_bodies, nicolae_lair_yak_garden
Lair:5:   gammafunk_cloud_chamber, layout_small_grid, slime_dummy
Lair:6:   due_jungle_book, layout_loops_ring, portal_ice_cave_rime
Spider:1: layout_spider_delve, nicolae_spider_webs_and_nodes
Spider:2: layout_spider_delve, worms_lemuel, uniq_arachne
Orc:1:    layout_diamond_mine
Orc:2:    grunt_orc_community_town_hall, layout_caves,
          grunt_orc_community_big_house_2, grunt_orc_community_big_house_2,
          grunt_orc_community_house_3, grunt_orc_community_house_2,
          grunt_orc_community_house_2, grunt_orc_community_house_3,
          grunt_orc_community_house_1, grunt_orc_community_house_3,
          serial_shops, shop, nicolae_orc_tapped_out
Abyss:1

Notes
Turn   | Place    | Note
-------+----------+-------------------------------------------
     0 | D:1      | puppykicker the Minotaur Necromancer began the quest for
                  | the Orb.
     0 | D:1      | Reached XP level 1. HP: 14/14 MP: 1/1
   414 | D:1      | Reached skill level 3 in Necromancy
   420 | D:1      | Learned a level 1 spell: Animate Skeleton
   584 | D:1      | Reached XP level 2. HP: 19/22 MP: 3/3
  1100 | D:1      | Reached skill level 1 in Axes
  1306 | D:1      | Reached skill level 1 in Armour
  1591 | D:2      | Reached skill level 1 in Fighting
  1797 | D:2      | Reached XP level 3. HP: 8/28 MP: 4/4
  2219 | D:2      | Reached skill level 1 in Polearms
  2522 | D:2      | Noticed Jessica
  2524 | D:2      | Killed Jessica
  2524 | D:2      | Reached skill level 2 in Polearms
  2524 | D:2      | Reached XP level 4. HP: 35/35 MP: 5/5
  2600 | D:2      | Learned a level 3 spell: Vampiric Draining
  2601 | D:2      | Reached skill level 2 in Maces & Flails
  2735 | D:2      | Reached skill level 3 in Polearms
  2735 | D:2      | Reached XP level 5. HP: 14/40 MP: 6/6
  2925 | D:2      | Found a blossoming altar of Fedhas.
  3740 | D:3      | Reached skill level 3 in Dodging
  3860 | D:4      | HP: 4/41 [worker ant (3)]
  3862 | D:4      | Reached skill level 2 in Armour
  3865 | D:4      | Reached skill level 2 in Fighting
  3865 | D:4      | Reached XP level 6. HP: 5/48 MP: 0/7
  3934 | D:4      | Learned a level 3 spell: Regeneration
  4132 | D:4      | Reached skill level 4 in Polearms
  4132 | D:4      | Reached skill level 2 in Spellcasting
  4211 | D:4      | Found a bloodstained altar of Trog.
  4896 | D:5      | Entered Level 5 of the Dungeon
  4896 | D:5      | Noticed an ice beast
  5026 | D:5      | Killed an ice beast
  5026 | D:5      | Reached XP level 7. HP: 46/56 MP: 9/9
  5131 | D:5      | Noticed Dowan
  5132 | D:5      | Noticed Duvessa
  5156 | D:5      | HP: 3/56 [iguana (13)]
  5162 | D:5      | HP: 5/56 [iguana (1)]
  5476 | D:5      | Reached skill level 5 in Polearms
  5476 | D:5      | Reached skill level 3 in Armour
  5481 | D:5      | Reached skill level 3 in Fighting
  5481 | D:5      | Reached skill level 1 in Charms
  5511 | D:5      | Killed Duvessa
  5521 | D:5      | Killed Dowan
  5684 | D:5      | Reached skill level 4 in Dodging
  6042 | D:6      | Reached XP level 8. HP: 52/63 MP: 10/10
  6194 | D:6      | Reached skill level 6 in Polearms
  6194 | D:6      | Reached skill level 4 in Armour
  6542 | D:6      | Reached skill level 4 in Fighting
  6542 | D:6      | Reached skill level 4 in Necromancy
  6647 | D:6      | Found a large runed translucent door.
  6647 | D:6      | Found a large runed translucent door.
  6648 | D:6      | Noticed Yeil's ghost (novice MiBe)
  7134 | D:6      | Reached skill level 3 in Spellcasting
  7134 | D:6      | Reached skill level 2 in Charms
  7142 | D:6      | Learned a level 4 spell: Animate Dead
  7170 | D:6      | Reached skill level 7 in Polearms
  7459 | D:6      | Reached XP level 9. HP: 54/73 MP: 12/12
  7486 | D:6      | Reached skill level 5 in Armour
  8289 | D:7      | Found a staircase to the Ecumenical Temple.
  8297 | D:7      | Reached skill level 5 in Fighting
  8304 | Temple   | Entered the Ecumenical Temple
  8311 | Temple   | Became a worshipper of Kikubaaqudgha
  8327 | D:7      | Noticed Pikel
  8337 | D:7      | Killed Pikel
  8337 | D:7      | Reached skill level 8 in Polearms
  8422 | D:7      | Reached skill level 9 in Polearms
  8422 | D:7      | Reached skill level 6 in Armour
  8491 | D:7      | Reached skill level 5 in Necromancy
  8547 | D:7      | Found a transporter.
  8551 | D:7      | Noticed Potronius's ghost (novice GnWn)
  8553 | D:7      | Noticed a moth of wrath
  8553 | D:7      | Noticed a komodo dragon
  8585 | D:7      | Found a transporter.
  8625 | D:7      | Reached * piety under Kikubaaqudgha
  8625 | D:7      | Identified Kikubaaqudgha's Catalogue of Stolen Souls
                  | (Kikubaaqudgha gifted it to you on level 7 of the Dungeon)
  8625 | D:7      | Received a gift from Kikubaaqudgha
  8937 | D:7      | Reached skill level 10 in Polearms
  9464 | D:8      | Reached XP level 10. HP: 81/81 MP: 13/13
  9739 | D:8      | Noticed a two-headed ogre
  9750 | D:8      | Killed a two-headed ogre
  9750 | D:8      | Reached skill level 11 in Polearms
  9750 | D:8      | Reached skill level 6 in Necromancy
 10462 | D:8      | Reached ** piety under Kikubaaqudgha
 10600 | D:8      | Noticed Gastronok
 10622 | D:8      | Killed Gastronok
 10622 | D:8      | Reached skill level 12 in Polearms
 10728 | D:8      | Reached skill level 13 in Polearms
 10756 | D:8      | Found a runed translucent gate.
 10756 | D:8      | Found a runed translucent gate.
 10756 | D:8      | Found a runed translucent gate.
 10758 | D:8      | Noticed flyingllamaman's ghost (novice MiFi)
 11599 | D:9      | Reached XP level 11. HP: 31/86 MP: 7/14
 11810 | D:9      | Found a staircase to the Orcish Mines.
 11833 | D:9      | Reached skill level 7 in Necromancy
 12492 | D:9      | Found a staircase to the Lair.
 12755 | D:10     | Entered Level 10 of the Dungeon
 12787 | D:10     | Reached skill level 14 in Polearms
 12793 | D:10     | Reached *** piety under Kikubaaqudgha
 12793 | D:10     | Identified Kikubaaqudgha's Almanac of Stolen Souls
                  | (Kikubaaqudgha gifted it to you on level 10 of the Dungeon)
 12793 | D:10     | Received a gift from Kikubaaqudgha
 12913 | D:10     | Found Kayffeq's Antique Armour Shoppe.
 12914 | D:10     | Found Liohaz's Jewellery Boutique.
 12938 | D:10     | Bought a pair of runed boots for 195 gold pieces
 12943 | D:10     | Identified a +2 pair of boots of running (You bought it in
                  | a shop on level 10 of the Dungeon)
 12943 | D:10     | Bought a cloak for 117 gold pieces
 13262 | D:10     | Found Dacia's Gadget Boutique.
 13374 | D:10     | Bought a smoking ring mail for 234 gold pieces
 13384 | D:10     | Identified the +2 ring mail "Hytiheud" {rF+++ Str-4 Int+3
                  | Dex+4} (You bought it in a shop on level 10 of the Dungeon)
 13851 | D:10     | Found a sacrificial altar of Ru.
 14103 | D:10     | Found Geass's Magic Scroll Boutique.
 14140 | D:10     | Bought a scroll of identify for 26 gold pieces
 14140 | D:10     | Bought a scroll of immolation for 45 gold pieces
 14259 | D:11     | Reached skill level 4 in Spellcasting
 14279 | D:11     | Learned a level 5 spell: Dispel Undead
 14505 | D:11     | Noticed a cyan ugly thing
 14514 | D:11     | Killed a cyan ugly thing
 14627 | D:11     | Found a gate leading to a gauntlet.
 14673 | D:11     | Reached **** piety under Kikubaaqudgha
 14800 | D:11     | Got a brightly glowing chain mail
 14901 | D:11     | Noticed Nergalle
 14918 | D:11     | Killed Nergalle
 14918 | D:11     | Reached skill level 8 in Necromancy
 15021 | D:11     | Noticed Urug
 15038 | D:11     | Killed Urug
 15038 | D:11     | Reached skill level 5 in Spellcasting
 15057 | D:11     | Reached XP level 12. HP: 66/94 MP: 15/18
 15385 | D:11     | Identified a potion of experience
 15391 | D:11     | Reached skill level 7 in Spellcasting
 15391 | D:11     | Reached XP level 13. HP: 100/100 MP: 23/23
 15398 | D:11     | Learned a level 5 spell: Borgnjor's Vile Clutch
 15404 | D:11     | Learned a level 5 spell: Agony
 15503 | D:12     | Noticed Maurice
 15509 | D:12     | Killed Maurice
 15518 | D:12     | Got a shimmering shield
 15525 | D:12     | Identified the +3 shield "Lorgholatt" {Str+5} (You found it
                  | on level 12 of the Dungeon)
 16000 | D:12     | Reached skill level 8 in Spellcasting
 16042 | D:12     | Reached skill level 15 in Polearms
 16209 | D:12     | Found a shattered altar of Ashenzari.
 16228 | D:12     | Reached skill level 1 in Earth Magic
 16396 | D:12     | Reached skill level 2 in Earth Magic
 17027 | D:13     | Reached ***** piety under Kikubaaqudgha
 17344 | D:10     | Bought a heavily runed scale mail for 234 gold pieces
 17514 | Lair:1   | Entered Level 1 of the Lair of Beasts
 17523 | Lair:1   | Reached skill level 3 in Earth Magic
 17532 | Lair:1   | Reached skill level 16 in Polearms
 17914 | Lair:1   | Noticed Sonja
 17926 | Lair:1   | Paralysed by Sonja for 7 turns
 17934 | Lair:1   | Killed Sonja
 18682 | Lair:2   | Found a hole to the Spider Nest.
 18871 | Lair:2   | Reached skill level 9 in Necromancy
 18975 | Lair:2   | Reached skill level 4 in Earth Magic
 19189 | Lair:2   | Got a tattered robe
 20064 | Lair:3   | Reached skill level 17 in Polearms
 20196 | Lair:3   | Reached XP level 14. HP: 91/107 MP: 25/25
 20442 | Lair:3   | Identified the +7 chain mail of the Fifty Princes {rPois
                  | rF+++ Dex+6} (You found it on level 11 of the Dungeon)
 20452 | Lair:3   | Identified the +6 scale mail of Responsibility {rElec MR+
                  | Stlth+} (You bought it in a shop on level 10 of the
                  | Dungeon)
 20462 | Lair:3   | Identified the +1 robe of Tulips {Str+3} (You found it on
                  | level 2 of the Lair of Beasts)
 21120 | Lair:4   | Found a staircase to the Swamp.
 21275 | Lair:4   | Reached skill level 5 in Earth Magic
 21534 | Lair:4   | Identified a scroll of acquirement
 21918 | Lair:5   | Found a staircase to the Slime Pits.
 21959 | Lair:5   | Learned a level 3 spell: Stone Arrow
 22348 | D:10     | Bought an uncursed amulet of regeneration for 450 gold
                  | pieces
 22608 | Lair:5   | Found a transporter.
 22628 | Lair:5   | Found a transporter.
 22765 | Lair:5   | Reached skill level 7 in Armour
 22899 | Lair:5   | Reached skill level 1 in Conjurations
 23898 | D:6      | Killed Yeil's ghost
 24081 | D:7      | Killed Potronius's ghost
 24086 | D:7      | Got a pitted granite ring
 24096 | D:7      | Identified the ring "Tereet" {rCorr *Contam rF+ rC+ Int+2}
                  | (You found it on level 7 of the Dungeon)
 24314 | D:8      | Cast into level 1 of the Abyss (big kobold)
 24351 | D:8      | Escaped the Abyss
 24356 | D:8      | Reached ****** piety under Kikubaaqudgha
 24365 | D:8      | Killed flyingllamaman's ghost
 24365 | D:8      | Reached skill level 6 in Fighting
 24685 | Lair:6   | Entered Level 6 of the Lair of Beasts
 24752 | Lair:6   | Reached skill level 18 in Polearms
 24773 | Lair:6   | Reached skill level 2 in Conjurations
 24805 | Lair:6   | Identified a +3 bardiche of pain (a +1 bardiche of chopping
                  | bloodied by Kikubaaqudgha)
 24805 | Lair:6   | Received a gift from Kikubaaqudgha
 24965 | Lair:6   | Found a frozen archway.
 25048 | Lair:6   | Reached skill level 8 in Armour
 25086 | Lair:6   | Reached skill level 6 in Earth Magic
 25187 | Lair:6   | Reached skill level 7 in Fighting
 25500 | Lair:6   | Reached skill level 10 in Necromancy
 25500 | Lair:6   | Reached XP level 15. HP: 113/118 MP: 26/26
 26666 | Lair:6   | Identified Haant's Tome of Harmful Weightlessness
 27758 | D:14     | Noticed Azrael
 27929 | D:14     | Killed Azrael
 27929 | D:14     | Reached skill level 9 in Armour
 28061 | D:14     | Reached skill level 8 in Fighting
 28062 | D:14     | Found a gate to the Vaults.
 28295 | D:14     | Reached skill level 19 in Polearms
 28436 | D:14     | Noticed Rupert
 28443 | D:14     | Killed Rupert
 28605 | D:14     | Found a glowing golden altar of the Shining One.
 28678 | D:14     | Reached skill level 7 in Earth Magic
 29075 | D:15     | Entered Level 15 of the Dungeon
 29773 | D:15     | Identified the Compendium of the Aerial Blaze
 29794 | D:15     | Got a fine tin ring
 29795 | D:15     | Identified the ring of Letis {rC+ Str-2 Dex+3 Stlth-} (You
                  | found it on level 15 of the Dungeon)
 29924 | D:15     | Found a staircase to the Depths.
 30298 | Orc:1    | Entered Level 1 of the Orcish Mines
 30368 | Orc:1    | Learned a level 2 spell: Sublimation of Blood
 30502 | Orc:2    | Entered Level 2 of the Orcish Mines
 30562 | Orc:2    | Found a roughly hewn altar of Beogh.
 30629 | Orc:2    | Noticed an orc warlord
 30665 | Orc:2    | Killed an orc warlord
 30723 | Orc:2    | Reached XP level 16. HP: 112/128 MP: 2/27
 30730 | Orc:2    | Found Bigrua Ugue's General Store.
 31075 | Orc:2    | Found a roughly hewn altar of Beogh.
 31081 | Orc:2    | Found Acvis's Armour Shoppe.
 31180 | Orc:2    | Found a staircase to the Elven Halls.
 31240 | Orc:2    | Reached skill level 20 in Polearms
 31513 | Orc:2    | Found a roughly hewn altar of Beogh.
 31520 | Orc:2    | Found Bymi's Armour Shoppe.
 31568 | Orc:2    | Found a roughly hewn altar of Beogh.
 31730 | Orc:2    | Found Goacosh's Antique Weapon Emporium.
 31732 | Orc:2    | Found a roughly hewn altar of Beogh.
 31733 | Orc:2    | Found Hecyn's Antique Armour Shoppe.
 32262 | Spider:1 | Entered Level 1 of the Spider Nest
 32999 | Spider:2 | Reached skill level 11 in Necromancy
 33021 | Spider:2 | Reached skill level 9 in Spellcasting
 33033 | Spider:2 | Blown up by an orb spider

Vanquished Creatures
  Rupert (D:14)
  Gastronok (D:8)
  2 orc warlords (Orc:2)
  Azrael (D:14)
  5 dire elephants (Lair:6)
  6 hydras
  An anaconda (Lair:6)
  2 catoblepae
  4 two-headed ogres
  3 centaur warriors
  A two-headed ogre (shapeshifter) (D:14)
  Urug (D:11)
  13 death yaks
  Sonja (Lair:1)
  The ghost of flyingllamaman the Cleaver, a novice MiFi of Okawaru (D:8)
  Nergalle (D:11)
  3 unseen horrors
  A swamp dragon (Lair:5)
  A glowing orange brain (D:15)
  The ghost of Yeil the Cleaver, a novice MiBe of Trog (D:6)
  An orb spider (shapeshifter) (D:14)
  3 orc knights
  An orb spider (Spider:1)
  2 wolf spider zombies
  8 orc sorcerers
  Pikel (D:7)
  A deep elf mage (D:13)
  A wolf spider (Spider:2)
  4 ugly things
  2 cyclopes
  3 manticores
  A guardian serpent (shapeshifter) (D:15)
  15 elephants (Lair:6)
  3 black mambas
  A moth of wrath (D:7)
  2 centaur zombies
  Maurice (D:12)
  A gargoyle (D:13)
  9 spiny frogs
  A rime drake (Lair:6)
  An efreet (D:14)
  5 kobold demonologists
  7 komodo dragons
  2 demonic crawlers
  3 meliai (D:14)
  A meliai (shapeshifter) (D:15)
  2 jumping spiders (shapeshifter)
  3 trolls
  2 polar bears
  A hornet (shapeshifter) (D:14)
  A harpy skeleton (D:15)
  3 jumping spiders
  A wind drake (shapeshifter) (D:14)
  2 bog bodies (Lair:4)
  5 dream sheep (Lair:6)
  A hippogriff (shapeshifter) (D:13)
  5 blink frogs
  10 slime creatures
  10 hippogriffs
  A meliai zombie (D:14)
  2 shadows
  20 redbacks
  3 tarantellas
  43 yaks
  2 basilisks
  A wraith (D:12)
  11 wyverns
  A tarantella (shapeshifter) (D:15)
  3 fire elementals
  2 hungry ghosts (D:7)
  A steam dragon (Lair:5)
  A vampire mosquito (D:13)
  An acid dragon (D:15)
  A warg (Orc:2)
  A soldier ant (shapeshifter) (D:15)
  Duvessa (D:5)
  5 porcupines
  10 water moccasins
  2 hell hounds (D:13)
  3 black bears
  47 orc warriors
  An ice beast (D:5)
  A sky beast (D:8)
  A hornet zombie (D:6)
  4 phantoms
  5 boggarts (D:15)
  11 ogres
  8 wolves (Lair:3)
  27 centaurs
  13 crocodiles
  13 big kobolds
  9 bullfrogs
  2 gnoll sergeants
  Dowan (D:5)
  A wyvern skeleton (D:7)
  4 scorpions
  8 killer bees
  8 wights
  6 howler monkeys
  9 crimson imps
  A bullfrog zombie (D:8)
  2 quasits
  18 orc priests
  3 jellies
  3 centaur skeletons
  8 hounds
  3 iguanas
  Jessica (D:2)
  9 worker ants
  34 orc wizards
  2 hound skeletons
  A worker ant zombie (D:8)
  14 gnolls
  10 adders
  4 shadow imps
  An ooze (D:1)
  An adder zombie (D:9)
  2 adder skeletons
  4 worms
  2 dart slugs
  4 leopard geckos
  113 orcs
  4 giant cockroaches
  7 goblins
  4 hobgoblins
  13 jackals
  4 quokkas
  2 ball pythons (D:4)
  4 bats
  6 frilled lizards
  11 kobolds
  A leopard gecko skeleton (D:4)
  A quokka skeleton (D:5)
  6 rats
  A butterfly (D:7)
  A fungus (D:1)
  2 plants (Lair:6)
777 creatures vanquished.

Vanquished Creatures (collateral kills)
  A hydra (Lair:2)
  A death yak (Lair:6)
  The ghost of Potronius the Archer, a novice GnWn of Cheibriados (D:7)
  An orb spider (Spider:2)
  2 wolf spiders (Spider:2)
  An ugly thing (D:11)
  A black mamba (Lair:3)
  A spiny frog (Lair:1)
  2 rime drakes (Lair:6)
  2 demonic crawlers
  3 trolls
  A blink frog (Lair:1)
  A tarantella (Spider:2)
  A wyvern (D:9)
  4 redbacks (Spider:2)
  6 yaks
  A basilisk (Lair:1)
  2 vampire mosquitoes (D:13)
  A warg (Orc:2)
  3 water moccasins
  A swamp drake (D:9)
  A sky beast (D:11)
  4 orc warriors
  A phantom (D:7)
  A wolf (Lair:3)
  An ogre (D:15)
  2 crocodiles (Lair:6)
  3 centaurs
  2 bullfrogs
  2 killer bees (D:13)
  A scorpion (Lair:1)
  A crimson imp (D:12)
  2 orc priests
  A bullfrog skeleton (D:6)
  3 orc wizards
  An iguana (D:9)
  An adder (D:8)
  A gnoll (D:12)
  A howler monkey skeleton (D:6)
  13 orcs
  A giant cockroach (D:7)
  A hobgoblin (D:1)
  A goblin (D:2)
  A kobold (D:1)
  5 fungi
  A plant (Lair:6)
89 creatures vanquished.

Vanquished Creatures (others)
  An orc warrior (Orc:2)
  3 slaves (D:7)
  A quasit (D:7)
  16 fungi
  7 plants
28 creatures vanquished.

Grand Total: 894 creatures vanquished
